 Dungeon Crawl Stone Soup version 0.31-a0-532-g28f74ba3e5 (webtiles) character file.

Game seed: 9516604764106772008

853 CraigForest the Covered (level 8, -1/61 HPs)
             Began as a Formicid Fighter on Aug 12, 2023.
             Slain by a mummy (12 damage)
             ... in an ossuary.
             The game lasted 00:15:20 (3354 turns).

CraigForest the Covered (Formicid Fighter)          Turns: 3354, Time: 00:15:21

Health: -1/61      AC: 15    Str: 23    XL:     8   Next: 21%
Magic:  8/8        EV:  6    Int:  8    God:
Gold:   22         SH:  5    Dex: 13    Spells: 7/7 levels left

rFire   . . .        x - +2 quarterstaff (chaos)
rCold   . . .        c - +0 buckler
rNeg    . . .        f - +0 plate armour
rPois   .            (helmet unavailable)
rElec   .            w - +0 cloak {Stlth+}
rCorr   .            (no gloves)
SInv    +            t - +0 pair of boots
Will    .....        (no amulet) Stlth
                     (no ring)
HPRegen 0.30/turn    (no ring)
MPRegen 0.11/turn

%: no passive effects
@: no status effects
A: permanent stasis, dig shafts and tunnels, antennae 3, four strong arms
a: Dig


You were in an ossuary.
You visited 1 branch of the dungeon, and saw 5 of its levels.
You also visited: Ossuary.

You collected 136 gold pieces.
You spent 114 gold pieces at shops.

Inventory:

Hand Weapons
 a - a +0 trident
 m - a +0 hand axe of flaming
 x - a +2 quarterstaff of chaos (weapon)
 y - a +1 hand axe of flaming
Missiles
 g - 3 curare-tipped darts
 v - 6 javelins
Armour
 b - a +0 scale mail
 c - a +0 buckler (worn)
 f - a +0 plate armour (worn)
 k - a scarf of invisibility
 t - a +0 pair of boots (worn)
 w - a +0 cloak of stealth (worn)
Talismans
 j - a granite talisman
 C - a beast talisman
 F - a flux talisman
Wands
 A - a wand of flame (5) (quivered)
 B - a wand of charming (4)
Scrolls
 l - a scroll of blinking {unknown}
 n - 3 scrolls of poison {unknown}
 p - a scroll of vulnerability {unknown}
 q - 5 scrolls of noise {unknown}
 r - a scroll of revelation {unknown}
 s - a scroll of teleportation {unknown}
 z - 3 scrolls of enchant armour
 D - a scroll of fear {unknown}
Potions
 d - a potion of might
 e - 2 potions of heal wounds
 h - a potion of curing
 i - a potion of lignification
 o - a potion of magic
 u - 2 potions of invisibility {unknown}
 E - a potion of haste {unknown}
 G - a potion of berserk rage {unknown}


   Skills:
 + Level 4.9 Fighting
 + Level 4.3(5.3) Polearms
 + Level 4.5(5.4) Staves
 + Level 5.7 Armour
 + Level 0.6 Dodging
 + Level 5.0 Shields
 + Level 0.3 Evocations


You had 7 spell levels left.
You didn't know any spells.
Your spell library contained the following spells:

 Spells                   Type           Power      Damage    Failure   Level
 Kiss of Death            Conj/Necr      0%         2d5       100%        1
 Summon Small Mammal      Summ           0%         N/A       100%        1
 Call Canine Familiar     Summ           0%         N/A       100%        3
 Confusing Touch          Hex            0%         N/A       100%        3
 Summon Guardian Golem    Hex/Summ       0%         N/A       100%        3
 Dispel Undead            Necr           0%         3d6       100%        4


Dungeon Overview and Level Annotations

Branches:
Dungeon (5/15)            Ossuary (1/1)
 Temple: D:4-7

Altars:
Trog

Shops:
D:4 ?   D:5 [


Innate Abilities, Weirdness & Mutations

You cannot be hasted, slowed, berserked, paralysed or teleported.
You can dig through walls and to a lower floor.
You have a pair of large antennae on your head. (SInv)
Your four strong arms can wield two-handed weapons with a shield.


Message History

Press: ? - help, Q - select action, (/) - cycle Shift-Dir - straight line, f - mummy
Aim: a mummy (85% to hit)
The puff of flame hits the mummy!
The mummy is burned terribly!
You destroy the mummy!
Aiming: Throw Flame
Press: ? - help, Q - select action, (/) - cycle Shift-Dir - straight line, f - mummy, p - mummy
Aim: a mummy (85% to hit)
The puff of flame hits the mummy.
The mummy is lightly damaged.
There is an open door here.
You barely miss the mummy.
The mummy is lightly damaged.
You hit the mummy.
The mummy is moderately damaged.
The mummy hits you!
You hit the mummy.
The mummy is moderately damaged.
You hit the mummy but do no damage.
The mummy is moderately damaged.
There is an open door here.
The mummy hits you.
You hit the mummy but do no damage.
The mummy is moderately damaged.
The mummy hits you but does no damage. The mummy hits you.
* * * LOW HITPOINT WARNING * * *
You thump the mummy! You freeze the mummy.
The mummy is severely damaged.
You hit the mummy but do no damage.
The mummy suddenly seems more resistant.
The mummy is severely damaged.
The mummy hits you!
* * * LOW HITPOINT WARNING * * *
The mummy hits you but does no damage.
You sock the mummy!
You destroy the mummy!
You completely miss the mummy. You hit the mummy but do no damage.
The mummy appears confused.
The mummy hits you but does no damage.
You hit the mummy but do no damage. The mummy hits you!
You die...

########################
#∩......................
#.......................
#..#####'###M###'###+##
#..#...#...#..@#...#{{{
#..#.####'####M###'##
#..'.#....#....#....#
#..###....#....#....# .
#..#.#....#....#....#..
#..#.#.........#.......
#..'.####......#'.....#
#..###.................
#..#.'.................


You could see 2 mummies.

Vanquished Creatures
  A yak (shapeshifter) (D:5)
  2 scorpions (D:5)
  A ballistomycete (D:4)
  2 centaur zombies (Ossuary)
  An orc priest (D:3)
  Crazy Yiuf (D:3)
  A human zombie (Ossuary)
  An iguana (D:4)
  Natasha (thrice) (D:4)
  Terence (D:3)
  2 ogre zombies (Ossuary)
  4 mummies (Ossuary)
  An adder (D:4)
  4 gnolls (D:4)
  2 adder zombies (Ossuary)
  2 worms (D:2)
  4 dart slugs
  13 orcs
  4 endoplasms
  2 giant cockroaches
  A gnoll zombie (Ossuary)
  8 goblins
  9 hobgoblins
  6 jackals
  6 kobolds
  8 quokkas
  6 ball pythons
  9 bats
  2 frilled lizards (D:1)
  3 goblin zombies (Ossuary)
  3 hobgoblin zombies (Ossuary)
  A kobold zombie (Ossuary)
  2 quokka zombies (Ossuary)
  3 rats
  3 rat zombies (Ossuary)
122 creatures vanquished.

Vanquished Creatures (others)
  A wizard (D:4)
  A goblin (D:4)
  A ballistomycete spore (D:4)
3 creatures vanquished.

Grand Total: 125 creatures vanquished

Notes
Turn   | Place    | Note
-------+----------+-------------------------------------------
     0 | D:1      | CraigForest the Formicid Fighter began the quest for the
                  | Orb.
     0 | D:1      | Reached XP level 1. HP: 18/18 MP: 1/1
   139 | D:1      | Reached XP level 2. HP: 24/24 MP: 2/2
   281 | D:1      | Reached XP level 3. HP: 28/29 MP: 3/3
   925 | D:2      | Found a faded altar of an unknown god.
   929 | D:2      | Reached XP level 4. HP: 35/35 MP: 4/4
   966 | D:2      | Identified the +2 dagger of Doskuelo {drain, rF+ rN+ Will+
                  | Dex+3}
  1347 | D:3      | Noticed Terence
  1358 | D:3      | Killed Terence
  1399 | D:3      | Reached XP level 5. HP: 33/41 MP: 5/5
  1981 | D:3      | Found a runed translucent door.
  1982 | D:3      | Noticed Crazy Yiuf
  1989 | D:3      | Killed Crazy Yiuf
  2128 | D:4      | Reached XP level 6. HP: 25/48 MP: 6/6
  2297 | D:4      | Noticed Natasha
  2308 | D:4      | Reached skill level 1 in Staves
  2311 | D:4      | Killed Natasha
  2411 | D:4      | Found Nuilugu's Magic Scroll Shop.
  2433 | D:4      | Bought a scroll of enchant armour for 90 gold pieces
  2433 | D:4      | Bought a scroll of identify for 24 gold pieces
  2438 | D:4      | Noticed Natasha
  2444 | D:4      | Killed Natasha
  2483 | D:4      | Reached skill level 5 in Armour
  2494 | D:4      | Reached XP level 7. HP: 5/54 MP: 7/7
  2561 | D:4      | Noticed Natasha
  2565 | D:4      | Killed Natasha
  2812 | D:4      | Found a bloodstained altar of Trog.
  2813 | D:4      | Noticed a wizard
  2819 | D:4      | Killed a wizard
  2917 | D:5      | Entered Level 5 of the Dungeon
  3001 | D:5      | Found Duash's Armour Shoppe.
  3001 | D:5      | Noticed an animated crystal plate armour
  3002 | D:5      | Noticed an animated plate armour
  3038 | D:5      | a jelly changed into a shapeshifter
  3038 | D:5      | Noticed a shapeshifter (shapeshifter)
  3038 | D:5      | a shapeshifter changed into a yaktaur
  3038 | D:5      | Noticed a yaktaur (shapeshifter)
  3040 | D:5      | a yaktaur changed into a yak
  3040 | D:5      | Noticed a yak (shapeshifter)
  3047 | D:5      | Killed a yak
  3076 | D:5      | Found a sand-covered staircase.
  3111 | Ossuary  | Entered an ossuary
  3200 | Ossuary  | Reached XP level 8. HP: 61/61 MP: 8/8
  3271 | Ossuary  | Reached skill level 5 in Shields
  3354 | Ossuary  | Slain by a mummy

Illustrated notes

Levels and vault maps discovered:
D:1:      roderic_crop_circles_arrival_small, layout_basic, minmay_tetromino_t2
D:2:      layout_rooms, nicolae_ecumenical_pavilion
D:3:      layout_loops_ring, uniq_terence, uniq_crazy_yiuf_cottage
D:4:      layout_cave_pools, trog_wizard, serial_shops, shop_scrolls,
          uniq_natasha
D:5:      layout_cave_pools, nicolae_ossuary_entry_plus, serial_shops,
          nicolae_shop_mannequins, kennysheep_doodads, minmay_misc_feat_hallway
Ossuary:  ossuary_boxes_badplayer

Skill      XL: |  1  2  3  4  5  6  7  8 |
---------------+-------------------------+-----
Polearms       | 3 4 |  4.3
Armour         | 4 5 |  5.7
Fighting       | 4 |  4.9
Staves         | 2 3 4 |  4.5
Shields        | 5 |  5.0
Dodging        | |  0.6
Evocations     | |  0.3

Action                     |  1- 3 |  4- 6 |  7- 9 || total
---------------------------+-------+-------+-------++-------
  Melee: Trident           |   123 |    92 |       ||   215
         Quarterstaff      |       |    77 |   107 ||   184
  Evoke: Wand              |       |       |     7 ||     7
    Use: Scroll            |       |     3 |     1 ||     4
   Stab: Confused          |       |       |     1 ||     1
         Petrifying        |       |       |     1 ||     1
 Armour: Scale mail        |    11 |       |       ||    11
         Plate armour      |    60 |   108 |    46 ||   214
  Dodge: Dodged            |    41 |    63 |    20 ||   124
  Block: Buckler           |    23 |    48 |    16 ||    87

Table legend: (Time is in decaauts)
 A = Elapsed time spent in this place.
 B = Non-inter-level travel time spent in this place.
 C = Inter-level travel time spent in this place.
 D = Time resting spent in this place.
 E = Time spent auto-exploring this place.
 F = Levels seen in this place.
 G = Mean time per level.
                   A        B        C        D        E       F      G
               +--------+--------+--------+--------+--------+-----+--------+
         Total |   3415 |   2815 |    600 |      0 |   1949 |   6 |  569.2 |
       Dungeon |   3167 |   2567 |    600 |      0 |   1855 |   5 |  633.4 |
       Ossuary |    248 |    248 |      0 |      0 |     94 |   1 |  248.0 |
               +--------+--------+--------+--------+--------+-----+--------+

Top non-repeatable levels by time:
     D:1: 860 daAuts
     D:4: 839 daAuts
     D:3: 818 daAuts
     D:2: 451 daAuts
 Ossuary: 248 daAuts
     D:5: 197 daAuts
